 Dungeon Crawl Stone Soup version 0.29.0-13-gc9e81de378 (webtiles) character file.

Game seed: 12491358652173307907

14 sentinel the Digger (level 2, 20/20 HPs)
             Began as a Meteoran Earth Elementalist on Sept 9, 2022.
             Quit the game on level 2 of the Dungeon.
             The game lasted 00:00:50 (220 turns).

sentinel the Digger (Meteoran Earth Elementalist)    Turns: 220, Time: 00:00:50

Health: 20/20      AC:  2    Str:  9    XL:     2   Next: 82%
Magic:  6/6        EV: 12    Int: 16    God:
Gold:   0          SH:  0    Dex: 14    Spells: 5/6 levels left

rFire   . . .      SeeInvis .   (no weapon)
rCold   . . .      Faith    .   (no shield)
rNeg    . . .      Spirit   .   a - +0 robe
rPois   .          Reflect  .   (no helmet)
rElec   .          Harm     .   (no cloak)
rCorr   .          Rampage  .   (no gloves)
Will    .....                   (no boots)
Stlth   +.........              (no amulet)
HPRegen 0.06/turn               (no ring)
MPRegen 0.10/turn               (no ring)

@: glowing
A: sense surroundings 1, otherworldly, glowing, explore regen
a: no special abilities


You were on level 2 of the Dungeon.
You visited 1 branch of the dungeon, and saw 2 of its levels.

Inventory:

Armour
 a - a +0 robe (worn)
Scrolls
 d - a scroll of identify {unknown}
 e - a scroll of teleportation {unknown}
Potions
 b - a potion of magic
 c - 2 potions of curing {unknown}


   Skills:
 - Level 2.4 Dodging
 - Level 1.4 Stealth
 - Level 2.6 Spellcasting
 - Level 1.2 Transmutations
 + Level 4.6 Earth Magic


You had 5 spell levels left.
You knew the following spells:

 Your Spells              Type           Power      Damage    Failure   Level
a - Sandblast             Erth           32%        2d9       3%          1

Your spell library contained the following spells:

 Spells                   Type           Power      Damage    Failure   Level
 Passwall                 Tmut/Erth      9%         N/A       9%          2
 Stone Arrow              Conj/Erth      18%        3d8       22%         3
 Petrify                  Tmut/Erth      11%        N/A       50%         4


Dungeon Overview and Level Annotations

Branches:
Dungeon (2/15) Zot: 971

Altars:


Innate Abilities, Weirdness & Mutations

You passively map a small area around you.
You are easily found by Zot.
You glow in the dark.
You regain HP and MP as you explore.


Message History

You kill the rat!
The blast of sand hits the rat.
The rat is moderately wounded.
The blast of sand misses the rat.
The rat barely misses you.
You are out of magic!
You are out of magic!
You are out of magic!
You are out of magic!
You are out of magic!
You are out of magic!
You are out of magic!
You are out of magic!
You are out of magic!
You are out of magic!
You are out of magic!
You are out of magic!
The rat bites you. The rat bites you but does no damage.
You open the door. The rat bites you.
Found 4 stones.
There is an open door here.
The blast of sand hits the rat!
You kill the rat!
You are out of magic!
HP restored.
You open the door.
There is an open door here.
HP restored.
Found a blue potion.
Found a scroll labelled KEIJIO JOYQUKAI.
c - a blue potion Magic restored.
Magic restored.
A quokka comes into view.
Found 10 gold pieces.
You see here a scroll labelled KEIJIO JOYQUKAI.
You see here a scroll labelled KEIJIO JOYQUKAI.
d - a scroll labelled KEIJIO JOYQUKAI The blast of sand hits the quokka!
You kill the quokka!
Your Earth Magic skill increases to level 4!
You have reached level 2!
Found 14 gold pieces.
You see here a quokka corpse.
Found 9 gold pieces.
Found a stone staircase leading down.
There is a stone staircase leading down here.
You climb downwards.
There is a stone staircase leading up here.
Found a dagger and 6 stones.
You open the door.
There is an open door here.
Found a scroll labelled KOZOADAUCW.
e - a scroll labelled KOZOADAUCW You open the door.
There is an open door here.
You open the door.
There is an open door here.
Found 14 gold pieces.
Found a stone staircase leading up.
There is a stone staircase leading up here.
You climb upwards.
The goblin shouts!
The hobgoblin shouts!
Found a faded altar of an unknown god.
There is a stone staircase leading down here.
The blast of sand misses the hobgoblin.
The bat closely misses you.
A ball python comes into view.
The ball python moves out of view.
The blast of sand hits the hobgoblin!
You kill the hobgoblin!
The bat hits you but does no damage.
The blast of sand hits the bat!
You kill the bat!
The blast of sand hits the goblin!
You kill the goblin!
You can't see any susceptible monsters within range! (Use Z to cast anyway.)
You can't see any susceptible monsters within range! (Use Z to cast anyway.)
You can't see any susceptible monsters within range! (Use Z to cast anyway.)
You can't see any susceptible monsters within range! (Use Z to cast anyway.)
You can't see any susceptible monsters within range! (Use Z to cast anyway.)
You can't see any susceptible monsters within range! (Use Z to cast anyway.)
You can't see any susceptible monsters within range! (Use Z to cast anyway.)
You can't see any susceptible monsters within range! (Use Z to cast anyway.)
You can't see any susceptible monsters within range! (Use Z to cast anyway.)
You can't see any susceptible monsters within range! (Use Z to cast anyway.)
You can't see any susceptible monsters within range! (Use Z to cast anyway.)
You can't see any susceptible monsters within range! (Use Z to cast anyway.)
You can't see any susceptible monsters within range! (Use Z to cast anyway.)
You climb downwards.
There is a stone staircase leading up here.
An endoplasm comes into view.
A hobgoblin comes into view.
The hobgoblin shouts!
The hobgoblin moves out of view.
The blast of sand hits the hobgoblin!
You kill the hobgoblin!
You can't see any susceptible monsters within range! (Use Z to cast anyway.)
You can't see any susceptible monsters within range! (Use Z to cast anyway.)
You can't see any susceptible monsters within range! (Use Z to cast anyway.)
You can't see any susceptible monsters within range! (Use Z to cast anyway.)
You can't see any susceptible monsters within range! (Use Z to cast anyway.) Magic restored.
Magic restored.
You open the door.
An endoplasm comes into view.
The endoplasm moves out of view.
There is an open door here.
The endoplasm quivers.
An endoplasm is nearby!
The blast of sand hits the endoplasm!
You kill the endoplasm!
You can't see any susceptible monsters within range! (Use Z to cast anyway.)
You can't see any susceptible monsters within range! (Use Z to cast anyway.)
You can't see any susceptible monsters within range! (Use Z to cast anyway.)
Found a leather armour.
Found a stone staircase leading up.
There is a stone staircase leading up here.
You climb upwards.
The hobgoblin shouts!
You hear a shout!
Found a scale mail and a blue potion.
There is a stone staircase leading down here.
The blast of sand hits the hobgoblin.
You kill the hobgoblin!
You can't see any susceptible monsters within range! (Use Z to cast anyway.)
You can't see any susceptible monsters within range! (Use Z to cast anyway.)
You can't see any susceptible monsters within range! (Use Z to cast anyway.)
You can't see any susceptible monsters within range! (Use Z to cast anyway.)
You can't see any susceptible monsters within range! (Use Z to cast anyway.)
A hobgoblin comes into view.
You see here a blue potion.
Unknown command.
You miscast Sandblast.
You are very lightly contaminated with residual magic.
Nothing appears to happen.
The blast of sand misses the hobgoblin.
The hobgoblin closely misses you.
The hobgoblin hits you but does no damage.
The blast of sand hits the hobgoblin!
You kill the hobgoblin!
You can't see any susceptible monsters within range! (Use Z to cast anyway.)
You can't see any susceptible monsters within range! (Use Z to cast anyway.)
You can't see any susceptible monsters within range! (Use Z to cast anyway.)
You can't see any susceptible monsters within range! (Use Z to cast anyway.)
You can't see any susceptible monsters within range! (Use Z to cast anyway.)
You can't see any susceptible monsters within range! (Use Z to cast anyway.)
c - 2 blue potions (gained 1)
Your magical contamination has completely faded away.
There is a stone staircase leading down here.
You climb downwards.
There is a stone staircase leading up here.
Magic restored.
Magic restored.
Are you sure you want to abandon this character and quit the game? (Confirm with "yes".)

#.#.#
######.#.#.#.#.# *
,, #.#.# .#.#.#.#.#
* * #.#.#
.#.#.#.#.##########
#.#.####** * #.#
#..........<..
#.#....,,* #.#
###.#########.
..#..# #.# ...# ,
..#..# ,, , #.#
##### *****
#....###########.#
, , ,,
##..............@#
* * *** *
+..##############*
#..# * , #...., * *
* ..#.## * , ....#
.#### . *


There were no monsters in sight!

Vanquished Creatures
  A bat (D:1)
  An endoplasm (D:2)
  A giant cockroach (D:1)
  A goblin (D:1)
  4 hobgoblins
  A quokka (D:1)
  3 rats (D:1)
12 creatures vanquished.

Notes
Turn   | Place    | Note
-------+----------+-------------------------------------------
     0 | D:1      | sentinel the Meteoran Earth Elementalist began the quest
                  | for the Orb.
     0 | D:1      | Reached XP level 1. HP: 14/14 MP: 5/5
    55 | D:1      | Reached skill level 4 in Earth Magic
    55 | D:1      | Reached XP level 2. HP: 20/20 MP: 4/6
   127 | D:1      | Found a faded altar of an unknown god.
   220 | D:2      | Quit the game

Illustrated notes

Levels and vault maps discovered:
D:1:      dpeg_arrival_prison, layout_rooms,
          shapermc_ecumenical_altar_starsandcircs
D:2:      layout_basic, serial_shops, shop, minmay_divided_ellipse

Skill      XL: |  1 |
---------------+----+-----
Earth Magic    | 4 |  4.6
Dodging        | |  2.4
Stealth        | |  1.4
Spellcasting   | |  2.6
Transmutations | |  1.2

Action                   || total
-------------------------++-------
 Cast: Sandblast         ||    16
Armor: Robe              ||     3
Dodge: Dodged            ||     4
